 Dungeon Crawl Stone Soup version 0.29.0-4-gdea44cf6ec (webtiles) character file.

Game seed: 16318695736092648044

20210 qw the Brawler (level 12, -1/118 HPs)
             Began as a Troll Cinder Acolyte on Sept 1, 2022.
             Was an Initiate of Okawaru.
             Succumbed to Nessos's poison
             ... on level 4 of the Lair of Beasts.
             The game lasted 00:05:42 (11166 turns).

qw the Brawler (Troll Cinder Acolyte)              Turns: 11166, Time: 00:05:43

Health: -1/118     AC:  7    Str: 32    XL:     12   Next: 43%
Magic:  12/12      EV: 10    Int: 10    God:    Okawaru [......]
Gold:   700        SH:  0    Dex:  5    Spells: 13/13 levels left

rFire   . . .      SeeInvis +     - Unarmed
rCold   . . .      Faith    .   (no shield)
rNeg    . . .      Spirit   .   h - +0 steam dragon scales
rPois   .          Reflect  .   (helmet restricted)
rElec   .          Harm     .   j - scarf {repulsion}
rCorr   +          Rampage  .   (gloves unavailable)
Will    +....                   (boots unavailable)
Stlth   +.........              k - amulet "Meitu" {RegenMP Will+ rCorr Str-3}
HPRegen 1.09/turn               a - ring of see invisible
MPRegen 0.53/turn               b - +6 ring of strength

@: lethally poisoned (-1 -> -8), about to teleport, repel missiles, fire
susceptible
A: large, unfitting armour, claws 3, regeneration 1, shaggy fur 1, tough skin 1
a: Renounce Religion


You were on level 4 of the Lair of Beasts.
You worshipped Okawaru.
Okawaru was noncommittal.
You visited 3 branches of the dungeon, and saw 14 of its levels.

You collected 700 gold pieces.


Innate Abilities, Weirdness & Mutations

You are too large for most types of armour.
You have claws for hands.
Your natural rate of healing is unusually fast.
You are covered in fur. (AC +1)
You have tough skin. (AC +1)


   Skills:
 - Level 7.1 Fighting
 - Level 2.6 Throwing
 - Level 2.0 Armour
 - Level 4.1 Dodging
 + Level 17.9 Unarmed Combat
 - Level 1.0 Spellcasting
 - Level 2.1 Fire Magic


You had 13 spell levels left.
You didn't know any spells.
Your spell library contained the following spells:

 Spells                   Type           Power      Damage    Failure   Level
 Scorch                   Fire           8%         2d5       22%         2

Inventory:

Armour
 f - a +1 cloak
 h - +0 steam dragon scales (worn)
 j - a scarf of repulsion (worn)
Jewellery
 a - a ring of see invisible (left claw)
 b - a +6 ring of strength (right claw)
 k - the amulet "Meitu" (around neck) {RegenMP Will+ rCorr Str-3}
   (You found it on level 8 of the Dungeon)

   [amulet of magic regeneration]

   It increases your rate of magic regeneration.
   Str:       It affects your strength (-3).
   rCorr:     It protects you from acid and corrosion.
   Will:      It increases your willpower.
 Y - a +6 ring of dexterity
Scrolls
 d - 2 scrolls of identify
 g - 3 scrolls of enchant weapon
 m - a scroll of teleportation
Potions
 i - 2 potions of mutation

Dungeon Overview and Level Annotations

Branches:
Dungeon (9/15)             Temple (1/1) D:4            Lair (4/5) D:9
  Swamp (0/4) Lair:2       Spider (0/4) Lair:3
  Slime: Lair:4-5       Orc: D:9-12

Altars:
Ashenzari
Cheibriados
Dithmenos
Elyvilon
Fedhas
Gozag
Hepliaklqana
Kikubaaqudgha
Makhleb
Nemelex Xobeh
Okawaru
Ru
Sif Muna
Trog
Uskayaw
Vehumet
Wu Jian
Xom
Yredelemnul
Zin
The Shining One

Shops:
D:1 (

Annotations:
D:5 3 runed translucent doors, qw's ghost, amateur TeWr
D:8 2 transporters
Lair:3 3 runed translucent doors, qw's ghost, journeyman TrCA
Lair:4 Nessos


Message History

Nessos wields a +3 longbow of flaming.
It bursts into flame!
Nessos shoots an arrow.
The arrow hits you! The arrow burns you.
You are poisoned.
You feel very sick.
Nessos casts a spell.
Nessos blinks!
You feel very sick.
Nessos mumbles some strange words.
Nessos blinks!
You feel very sick.
Nessos mumbles some strange words.
Nessos seems to speed up.
Nessos zaps a wand.
You resist with almost no effort.
You feel sick.
Nessos zaps a wand.
You resist with almost no effort.
The now-empty wand crumbles to dust.
Nessos shoots an arrow.
The arrow hits you! The arrow burns you!
You are more poisoned.
You feel extremely sick.
Nessos casts a spell.
Nessos blinks!
Nessos shoots an arrow.
The arrow hits you! The arrow burns you.
You are more poisoned.
You feel extremely sick.
Nessos unwields a +3 longbow of flaming.
It stops flaming.
Nessos closely misses you. Nessos kicks you. Nessos hits you!
Nessos kicks you but does no damage.
You eviscerate Nessos!!!
Nessos is severely wounded.
You feel very sick. Nessos hits you. Nessos barely misses you.
Nessos casts a spell.
Nessos blinks!
11164 ||| READING 2 scrolls of teleportation.
As you read the scroll of teleportation, it crumbles to dust.
You feel strangely unstable.
You feel very sick.
Nessos wields a +3 longbow of flaming.
It bursts into flame!
Nessos shoots an arrow.
The arrow hits you! The arrow burns you.
You feel very sick.
Nessos casts a spell.
Nessos blinks!
You die...

#. ##. ### ###.. #####
##.### ### ##PP..
#.P.P##..#.####.###.....
#.................#.....
#.......................
#.......................
#.P....@......^.........
#.c...ยค.....>...........
#.......................
#.............#.........
##...#.##.######........
#..........#.P#.......##
#....................###
#....>................##
#......................#


You could see Nessos (fast).

Vanquished Creatures
  Harold (D:9)
  3 hydras
  A boulder beetle (Lair:3)
  2 bog bodies (Lair:2)
  A lindwurm (Lair:3)
  6 elephants
  11 cane toads
  A rime drake (Lair:3)
  3 komodo dragons
  6 blink frogs
  A slime creature (D:5)
  A jumping spider (Lair:3)
  A shadow (D:9)
  3 wyverns
  16 yaks
  2 steam dragons
  Edmund (D:5)
  11 water moccasins
  An orc warrior (D:9)
  A sky beast (D:7)
  A black bear (D:6)
  A centaur (D:8)
  4 kobold brigands (D:5)
  11 bullfrogs
  2 necrophages
  2 scorpions
  A gnoll sergeant (D:9)
  12 wights
  6 killer bees
  A howler monkey (D:6)
  8 jellies
  2 hounds
  An orc priest (D:3)
  3 iguanas (D:5)
  Jessica (D:2)
  4 gnoll boudas
  8 orc wizards
  19 gnolls
  4 adders
  A shadow imp (D:4)
  An ufetubus (D:4)
  A worm (D:5)
  A dart slug (D:3)
  17 orcs
  4 bats
  11 endoplasms
  A giant cockroach (D:4)
  8 goblins
  9 hobgoblins
  4 quokkas
  11 ball pythons
  4 frilled lizards
  7 kobolds
  4 rats
248 creatures vanquished.

Vanquished Creatures (others)
  2 gnolls (D:9)
  29 fungi
  28 plants
  7 toadstools (D:5)
66 creatures vanquished.

Grand Total: 314 creatures vanquished

Notes
Turn   | Place    | Note
-------+----------+-------------------------------------------
     0 | D:1      | qw the Troll Cinder Acolyte began the quest for the Orb.
     0 | D:1      | Reached XP level 1. HP: 22/22 MP: 1/1
     0 | D:1      | 0 ||| qw: Version: 0.1-a-97-g2dd2ca4
     0 | D:1      | 0 ||| qw: Game counter: 4768
     0 | D:1      | 0 ||| qw: Always use a shield: true
     0 | D:1      | 0 ||| qw: God list: Okawaru
     0 | D:1      | 0 ||| qw: Allow faded altars: false
     0 | D:1      | 0 ||| qw: Do Orc after D:15 true
     0 | D:1      | 0 ||| qw: Do second Lair branch before Depths: true
     0 | D:1      | 0 ||| qw: Lair rune preference: random
     0 | D:1      | 0 ||| qw: Plans: Normal
     0 | D:1      | 0 ||| PLANNING D:1-11
    18 | D:1      | 18 ||| Stepping ~*~*~tactically~*~*~ (stealth).
    20 | D:1      | 20 ||| Stepping ~*~*~tactically~*~*~ (stealth).
    21 | D:1      | 21 ||| INVOKING Fiery Armour.
    24 | D:1      | 24 ||| Stepping ~*~*~tactically~*~*~ (outnumbered).
    25 | D:1      | 25 ||| Stepping ~*~*~tactically~*~*~ (outnumbered).
    33 | D:1      | Reached XP level 2. HP: 29/29 MP: 2/2
   105 | D:1      | Found Micluh's Weapon Shop.
   202 | D:1      | Reached skill level 4 in Unarmed Combat
   326 | D:1      | Reached XP level 3. HP: 36/36 MP: 3/3
   329 | D:1      | 329 ||| Stepping ~*~*~tactically~*~*~ (stealth).
   331 | D:1      | 331 ||| Stepping ~*~*~tactically~*~*~ (stealth).
   433 | D:1      | 433 ||| READING 2 scrolls labelled FONOBB ZYMOXE.
   434 | D:1      | 434 ||| READING scroll labelled RYLUCH IRCHO.
   471 | D:2      | 471 ||| Stepping ~*~*~tactically~*~*~ (stealth).
   531 | D:2      | Noticed Jessica
   533 | D:2      | Killed Jessica
   680 | D:2      | Reached XP level 4. HP: 44/44 MP: 4/4
   969 | D:2      | Reached skill level 5 in Unarmed Combat
  1140 | D:2      | 1140 ||| DROPPING orb of wrath.
  1141 | D:2      | 1141 ||| DROPPING scarf of shadows.
  1142 | D:2      | 1142 ||| UPGRADING to +6 ring of dexterity.
  1143 | D:2      | 1143 ||| READING scroll labelled ATHIHUMAUM.
  1144 | D:2      | 1144 ||| READING scroll labelled ZUDDAKITO.
  1145 | D:2      | 1145 ||| READING 2 scrolls labelled VASOFOCRAMM.
  1148 | D:2      | 1148 ||| READING scroll labelled BUOROEROAG.
  1149 | D:2      | 1149 ||| READING 2 scrolls of identify.
  1149 | D:2      | 1149 ||| IDENTIFYING black potion
  1150 | D:2      | 1150 ||| DROPPING potion of lignification.
  1235 | D:3      | 1235 ||| INVOKING Fiery Armour.
  1238 | D:3      | Reached skill level 1 in Dodging
  1254 | D:3      | 1254 ||| Stepping ~*~*~tactically~*~*~ (hiding).
  1258 | D:3      | Reached XP level 5. HP: 50/50 MP: 5/5
  1369 | D:3      | 1369 ||| Stepping ~*~*~tactically~*~*~ (stealth).
  1370 | D:3      | 1370 ||| Stepping ~*~*~tactically~*~*~ (stealth).
  1371 | D:3      | 1371 ||| Stepping ~*~*~tactically~*~*~ (stealth).
  1372 | D:3      | 1372 ||| Stepping ~*~*~tactically~*~*~ (stealth).
  1373 | D:3      | 1373 ||| Stepping ~*~*~tactically~*~*~ (stealth).
  1374 | D:3      | 1374 ||| Stepping ~*~*~tactically~*~*~ (stealth).
  1429 | D:3      | 1429 ||| Stepping ~*~*~tactically~*~*~ (hiding).
  1432 | D:3      | 1432 ||| Stepping ~*~*~tactically~*~*~ (hiding).
  1433 | D:3      | 1433 ||| Stepping ~*~*~tactically~*~*~ (hiding).
  1453 | D:3      | Reached skill level 6 in Unarmed Combat
  1860 | D:3      | Reached XP level 6. HP: 51/59 MP: 6/6
  1931 | D:3      | 1931 ||| DROPPING scarf of harm.
  1932 | D:3      | 1932 ||| READING scroll labelled ABBUDUCHYF.
  1932 | D:3      | Identified a scroll of acquirement
  1932 | D:3      | 1932 ||| ACQUIRING +6 ring of strength
  1932 | D:3      | Acquired a +6 ring of strength
  1934 | D:3      | 1934 ||| UPGRADING to +6 ring of strength.
  1974 | D:4      | Found a staircase to the Ecumenical Temple.
  2090 | D:4      | 2090 ||| Stepping ~*~*~tactically~*~*~ (stealth).
  2247 | D:4      | 2247 ||| Stepping ~*~*~tactically~*~*~ (stealth).
  2256 | D:4      | 2256 ||| Stepping ~*~*~tactically~*~*~ (stealth).
  2258 | D:4      | 2258 ||| Stepping ~*~*~tactically~*~*~ (stealth).
  2260 | D:4      | 2260 ||| Stepping ~*~*~tactically~*~*~ (stealth).
  2264 | D:4      | 2264 ||| Stepping ~*~*~tactically~*~*~ (stealth).
  2638 | D:4      | 2638 ||| Stepping ~*~*~tactically~*~*~ (hiding).
  2644 | D:4      | 2644 ||| INVOKING Fiery Armour.
  2646 | D:4      | 2646 ||| Stepping ~*~*~tactically~*~*~ (outnumbered).
  2648 | D:4      | 2648 ||| Stepping ~*~*~tactically~*~*~ (hiding).
  2654 | D:4      | Reached skill level 7 in Unarmed Combat
  2880 | D:4      | 2880 ||| UPGRADING to +1 cloak.
  2885 | D:4      | 2885 ||| READING 3 scrolls of identify.
  2885 | D:4      | 2885 ||| IDENTIFYING yellow potion
  2886 | D:4      | 2886 ||| READING 2 scrolls of identify.
  2886 | D:4      | 2886 ||| IDENTIFYING metallic amethyst potion
  3001 | D:5      | Entered Level 5 of the Dungeon
  3033 | D:5      | Reached XP level 7. HP: 57/66 MP: 7/7
  3092 | D:5      | Reached skill level 8 in Unarmed Combat
  3242 | D:5      | 3242 ||| Stepping ~*~*~tactically~*~*~ (outnumbered).
  3249 | D:5      | 3249 ||| INVOKING Fiery Armour.
  3254 | D:5      | Reached skill level 3 in Fighting
  3339 | D:5      | 3339 ||| Stepping ~*~*~tactically~*~*~ (stealth).
  3345 | D:5      | Reached skill level 9 in Unarmed Combat
  3345 | D:5      | 3345 ||| FLEEEEING.
  3346 | D:5      | 3346 ||| FLEEEEING.
  3347 | D:5      | 3347 ||| FLEEEEING.
  3348 | D:5      | 3348 ||| FLEEEEING.
  3349 | D:5      | 3349 ||| FLEEEEING.
  3350 | D:5      | 3350 ||| FLEEEEING.
  3352 | D:5      | 3352 ||| FLEEEEING.
  3353 | D:5      | 3353 ||| FLEEEEING.
  3354 | D:5      | 3354 ||| FLEEEEING.
  3555 | D:5      | Noticed Edmund
  3559 | D:5      | Killed Edmund
  3560 | D:5      | Reached XP level 8. HP: 56/75 MP: 8/8
  3627 | D:5      | Found a runed translucent gate.
  3628 | D:5      | Found a runed translucent gate.
  3628 | D:5      | Found a runed translucent gate.
  3629 | D:5      | Noticed qw's ghost (amateur TeWr)
  3712 | D:5      | 3712 ||| FLEEEEING.
  3713 | D:5      | 3713 ||| FLEEEEING.
  3717 | D:5      | 3717 ||| STAIRDANCE
  3819 | D:4      | 3819 ||| READING scroll labelled MIROW MUGA.
  3820 | D:4      | 3820 ||| READING 2 scrolls of identify.
  3820 | D:4      | 3820 ||| IDENTIFYING murky grey potion
  3821 | D:4      | 3821 ||| DROPPING potion of attraction.
  3845 | D:5      | Found a blossoming altar of Fedhas.
  4013 | D:5      | Found a glowing silver altar of Zin.
  4086 | D:5      | Noticed a slime creature
  4087 | D:5      | 4087 ||| Stepping ~*~*~tactically~*~*~ (stealth).
  4089 | D:5      | 4089 ||| Stepping ~*~*~tactically~*~*~ (stealth).
  4091 | D:5      | 4091 ||| Stepping ~*~*~tactically~*~*~ (stealth).
  4097 | D:5      | Killed a slime creature
  4098 | D:5      | Reached skill level 10 in Unarmed Combat
  4232 | D:5      | 4232 ||| READING scroll of teleportation.
  4480 | D:6      | Found an ancient bone altar of Kikubaaqudgha.
  4488 | D:6      | 4488 ||| Stepping ~*~*~tactically~*~*~ (stealth).
  4492 | D:6      | 4492 ||| Stepping ~*~*~tactically~*~*~ (outnumbered).
  4599 | D:6      | 4599 ||| Stepping ~*~*~tactically~*~*~ (stealth).
  4600 | D:6      | 4600 ||| Stepping ~*~*~tactically~*~*~ (stealth).
  4619 | D:6      | Found a shadowy altar of Dithmenos.
  4909 | D:6      | 4909 ||| UPGRADING to scarf of repulsion.
  4919 | D:6      | 4919 ||| READING scroll labelled QASUKI TITZOE.
  5263 | D:7      | 5263 ||| Stepping ~*~*~tactically~*~*~ (stealth).
  5270 | D:7      | Reached skill level 11 in Unarmed Combat
  5309 | D:7      | Found a shimmering altar of Xom.
  5346 | D:7      | Reached XP level 9. HP: 84/84 MP: 9/9
  5449 | D:7      | 5449 ||| Stepping ~*~*~tactically~*~*~ (stealth).
  5690 | D:7      | 5690 ||| READING 2 scrolls labelled WANKOSH BETT.
  5691 | D:7      | 5691 ||| READING scroll labelled XEFAUN DEUDERE.
  5692 | D:7      | 5692 ||| DROPPING scroll of blinking.
  5804 | D:8      | 5804 ||| Stepping ~*~*~tactically~*~*~ (hiding).
  5805 | D:8      | 5805 ||| Stepping ~*~*~tactically~*~*~ (hiding).
  5816 | D:8      | 5816 ||| Stepping ~*~*~tactically~*~*~ (outnumbered).
  5818 | D:8      | 5818 ||| Stepping ~*~*~tactically~*~*~ (outnumbered).
  5849 | D:8      | Noticed a troll
  5850 | D:8      | Noticed a cyclops
  5851 | D:8      | Noticed a centaur warrior
  5853 | D:8      | 5853 ||| READING scroll of teleportation.
  5854 | D:8      | 5854 ||| FLEEEEING.
  5854 | D:8      | Noticed a manticore
  5869 | D:8      | 5869 ||| Stepping ~*~*~tactically~*~*~ (stealth).
  5877 | D:8      | 5877 ||| Stepping ~*~*~tactically~*~*~ (hiding).
  5887 | D:8      | 5887 ||| Stepping ~*~*~tactically~*~*~ (outnumbered).
  5890 | D:8      | 5890 ||| Stepping ~*~*~tactically~*~*~ (outnumbered).
  5893 | D:8      | 5893 ||| Stepping ~*~*~tactically~*~*~ (outnumbered).
  5895 | D:8      | 5895 ||| Stepping ~*~*~tactically~*~*~ (outnumbered).
  5900 | D:8      | 5900 ||| Stepping ~*~*~tactically~*~*~ (outnumbered).
  5902 | D:8      | Reached skill level 12 in Unarmed Combat
  6086 | D:8      | Noticed a gargoyle
  6090 | D:8      | Found a transporter.
  6093 | D:8      | Identified the amulet "Meitu" {RegenMP Will+ rCorr Str-3}
  6117 | D:8      | Identified the ring of Raceabla {rN+++ Str+6 Int+3 Dex-3
                  | Slay+3}
  6121 | D:8      | Found a transporter.
  6180 | D:8      | 6180 ||| UPGRADING to amulet "Meitu" {RegenMP Will+ rCorr
                  | Str-3}.
  6185 | D:8      | 6185 ||| READING scroll labelled EGUUKHL KOCHEMO.
  6225 | D:8      | 6225 ||| READING 3 scrolls of identify.
  6225 | D:8      | 6225 ||| IDENTIFYING smoky puce potion
  6226 | D:8      | 6226 ||| DROPPING potion of ambrosia.
  6257 | D:9      | Found a glowing golden altar of the Shining One.
  6291 | D:9      | Found a sacrificial altar of Ru.
  6315 | D:9      | 6315 ||| INVOKING Fiery Armour.
  6327 | D:9      | 6327 ||| Stepping ~*~*~tactically~*~*~ (outnumbered).
  6328 | D:9      | 6328 ||| Stepping ~*~*~tactically~*~*~ (outnumbered).
  6332 | D:9      | 6332 ||| Stepping ~*~*~tactically~*~*~ (outnumbered).
  6334 | D:9      | 6334 ||| Stepping ~*~*~tactically~*~*~ (outnumbered).
  6335 | D:9      | 6335 ||| Stepping ~*~*~tactically~*~*~ (outnumbered).
  6337 | D:9      | 6337 ||| Stepping ~*~*~tactically~*~*~ (outnumbered).
  6339 | D:9      | 6339 ||| Stepping ~*~*~tactically~*~*~ (outnumbered).
  6341 | D:9      | HP: 21/88 [yak (8)]
  6342 | D:9      | 6342 ||| DRINKING 4 potions of heal wounds.
  6343 | D:9      | 6343 ||| Stepping ~*~*~tactically~*~*~ (outnumbered).
  6344 | D:9      | 6344 ||| DRINKING 3 potions of heal wounds.
  6345 | D:9      | 6345 ||| Stepping ~*~*~tactically~*~*~ (outnumbered).
  6348 | D:9      | HP: 18/88 [yak (10)]
  6349 | D:9      | 6349 ||| DRINKING 2 potions of heal wounds.
  6356 | D:9      | Reached skill level 13 in Unarmed Combat
  6361 | D:9      | Reached XP level 10. HP: 60/96 MP: 10/10
  6367 | D:9      | Reached skill level 3 in Dodging
  6402 | D:9      | 6402 ||| FLEEEEING.
  6403 | D:9      | 6403 ||| FLEEEEING.
  6407 | D:9      | 6407 ||| STAIRDANCE
  6508 | D:9      | Reached skill level 1 in Throwing
  6509 | D:9      | 6509 ||| Stepping ~*~*~tactically~*~*~ (outnumbered).
  6510 | D:9      | 6510 ||| Stepping ~*~*~tactically~*~*~ (outnumbered).
  6511 | D:9      | 6511 ||| Stepping ~*~*~tactically~*~*~ (outnumbered).
  6512 | D:9      | 6512 ||| Stepping ~*~*~tactically~*~*~ (outnumbered).
  6513 | D:9      | 6513 ||| Stepping ~*~*~tactically~*~*~ (outnumbered).
  6514 | D:9      | 6514 ||| Stepping ~*~*~tactically~*~*~ (outnumbered).
  6521 | D:9      | 6521 ||| INVOKING Fiery Armour.
  6612 | D:9      | Noticed Harold
  6622 | D:9      | Killed Harold
  6800 | D:9      | Found an ornate altar of the Wu Jian Council.
  6800 | D:9      | Found a radiant altar of Vehumet.
  6818 | D:9      | Reached skill level 14 in Unarmed Combat
  6822 | D:9      | 6822 ||| FLEEEEING.
  6824 | D:9      | 6824 ||| Stepping ~*~*~tactically~*~*~ (outnumbered).
  6825 | D:9      | 6825 ||| Stepping ~*~*~tactically~*~*~ (outnumbered).
  6826 | D:9      | 6826 ||| Stepping ~*~*~tactically~*~*~ (stealth).
  6827 | D:9      | 6827 ||| Stepping ~*~*~tactically~*~*~ (outnumbered).
  6828 | D:9      | 6828 ||| Stepping ~*~*~tactically~*~*~ (outnumbered).
  6829 | D:9      | 6829 ||| Stepping ~*~*~tactically~*~*~ (outnumbered).
  6834 | D:9      | 6834 ||| Stepping ~*~*~tactically~*~*~ (outnumbered).
  6835 | D:9      | 6835 ||| Stepping ~*~*~tactically~*~*~ (outnumbered).
  6836 | D:9      | 6836 ||| Stepping ~*~*~tactically~*~*~ (outnumbered).
  6838 | D:9      | 6838 ||| Stepping ~*~*~tactically~*~*~ (stealth).
  6839 | D:9      | 6839 ||| Stepping ~*~*~tactically~*~*~ (stealth).
  6840 | D:9      | 6840 ||| Stepping ~*~*~tactically~*~*~ (stealth).
  6841 | D:9      | 6841 ||| Stepping ~*~*~tactically~*~*~ (stealth).
  6845 | D:9      | Reached skill level 6 in Fighting
  6845 | D:9      | 6845 ||| FLEEEEING.
  6846 | D:9      | 6846 ||| FLEEEEING.
  6847 | D:9      | 6847 ||| FLEEEEING.
  6932 | D:9      | Found a staircase to the Lair.
  7006 | D:9      | 7006 ||| PLANNING LAIR
  7006 | D:9      | 7006 ||| UPGRADING to +0 steam dragon scales.
  7016 | D:9      | 7016 ||| DROPPING +0 robe.
  7017 | D:9      | 7017 ||| DROPPING scarf of harm.
  7018 | D:9      | 7018 ||| READING scroll labelled VIJUTEXKAMEE.
  7019 | D:9      | 7019 ||| READING scroll labelled GOHUOBR BIEQ.
  7020 | D:9      | 7020 ||| READING 2 scrolls of identify.
  7020 | D:9      | 7020 ||| IDENTIFYING sedimented white potion
  7021 | D:9      | 7021 ||| DROPPING potion of invisibility.
  7022 | D:9      | 7022 ||| Stepping randomly (stuck).
  7023 | D:9      | 7023 ||| Stepping ~*~*~tactically~*~*~ (cloud).
  7069 | Lair:1   | Entered Level 1 of the Lair of Beasts
  7079 | Lair:1   | Noticed a cane toad
  7086 | Lair:1   | Killed a cane toad
  7087 | Lair:1   | Reached skill level 1 in Armour
  7195 | Lair:1   | Noticed an eight-headed hydra
  7197 | Lair:1   | 7197 ||| Stepping ~*~*~tactically~*~*~ (stealth).
  7199 | Lair:1   | 7199 ||| INVOKING Fiery Armour.
  7200 | Lair:1   | 7200 ||| Stepping ~*~*~tactically~*~*~ (outnumbered).
  7202 | Lair:1   | Killed a ten-headed hydra
  7554 | Lair:1   | Noticed a cane toad
  7562 | Lair:1   | Killed a cane toad
  7563 | Lair:1   | Reached XP level 11. HP: 81/105 MP: 11/11
  7795 | Lair:1   | 7795 ||| DROPPING ring of magical power.
  7796 | Lair:1   | 7796 ||| READING scroll labelled MUMOLLO WAWIA.
  7797 | Lair:1   | 7797 ||| DRINKING 2 silvery potions.
  7798 | Lair:1   | 7798 ||| DRINKING 2 glowing cyan potions.
  7799 | Lair:1   | 7799 ||| DROPPING potion of degeneration.
  7800 | Lair:1   | 7800 ||| DROPPING potion of flight.
  7827 | Lair:2   | Reached skill level 15 in Unarmed Combat
  8023 | Lair:2   | 8023 ||| Stepping ~*~*~tactically~*~*~ (stealth).
  8226 | Lair:2   | Noticed a six-headed hydra
  8227 | Lair:2   | 8227 ||| INVOKING Fiery Armour.
  8232 | Lair:2   | Killed an eight-headed hydra
  8281 | Lair:2   | Noticed a bog body
  8288 | Lair:2   | Noticed a bog body
  8291 | Lair:2   | Killed a bog body
  8297 | Lair:2   | HP: 25/105 [bog body (17)]
  8298 | Lair:2   | 8298 ||| READING 2 scrolls of teleportation.
  8298 | Lair:2   | HP: 11/105 [bog body (11)]
  8299 | Lair:2   | 8299 ||| DRINKING potion of heal wounds.
  8300 | Lair:2   | Killed a bog body
  8301 | Lair:2   | Found a staircase to the Swamp.
  8627 | Lair:3   | Found a hole to the Spider Nest.
  8641 | Lair:3   | Reached skill level 16 in Unarmed Combat
  8667 | Lair:3   | Noticed a lindwurm
  8673 | Lair:3   | Killed a lindwurm
  8700 | Lair:3   | Noticed a boulder beetle
  8701 | Lair:3   | 8701 ||| Stepping ~*~*~tactically~*~*~ (stealth).
  8705 | Lair:3   | 8705 ||| INVOKING Fiery Armour.
  8722 | Lair:3   | Killed a boulder beetle
  8740 | Lair:3   | 8740 ||| Stepping ~*~*~tactically~*~*~ (stealth).
  8765 | Lair:3   | 8765 ||| Stepping ~*~*~tactically~*~*~ (stealth).
  8796 | Lair:3   | 8796 ||| Stepping ~*~*~tactically~*~*~ (stealth).
  8797 | Lair:3   | 8797 ||| Stepping ~*~*~tactically~*~*~ (stealth).
  8798 | Lair:3   | 8798 ||| Stepping ~*~*~tactically~*~*~ (stealth).
  8824 | Lair:3   | 8824 ||| INVOKING Fiery Armour.
  8824 | Lair:3   | Noticed a five-headed hydra
  8828 | Lair:3   | 8828 ||| Stepping ~*~*~tactically~*~*~ (outnumbered).
  8829 | Lair:3   | HP: 21/109 [komodo dragon (11)]
  8830 | Lair:3   | 8830 ||| READING 2 scrolls of teleportation.
  8831 | Lair:3   | 8831 ||| Stepping ~*~*~tactically~*~*~ (outnumbered).
  8832 | Lair:3   | 8832 ||| Stepping ~*~*~tactically~*~*~ (outnumbered).
  9129 | Lair:3   | 9129 ||| INVOKING Fiery Armour.
  9133 | Lair:3   | Killed a six-headed hydra
  9180 | Lair:3   | Found a runed translucent gate.
  9471 | Lair:3   | Found a runed translucent gate.
  9471 | Lair:3   | Found a runed translucent gate.
  9471 | Lair:3   | Noticed a ten-headed hydra
  9471 | Lair:3   | Noticed a 13-headed hydra
  9471 | Lair:3   | Noticed qw's ghost (journeyman TrCA)
  9565 | Lair:3   | 9565 ||| Stepping ~*~*~tactically~*~*~ (stealth).
  9571 | Lair:3   | 9571 ||| Stepping ~*~*~tactically~*~*~ (stealth).
  9583 | Lair:3   | Reached XP level 12. HP: 91/118 MP: 12/12
  9586 | Lair:3   | Reached skill level 17 in Unarmed Combat
  9737 | Lair:3   | 9737 ||| DROPPING ring of willpower.
  9762 | Lair:4   | 9762 ||| STAIRDANCE
  9803 | Lair:4   | 9803 ||| Stepping ~*~*~tactically~*~*~ (outnumbered).
  9804 | Lair:4   | 9804 ||| Stepping ~*~*~tactically~*~*~ (outnumbered).
  9805 | Lair:4   | 9805 ||| Stepping ~*~*~tactically~*~*~ (outnumbered).
  9807 | Lair:4   | 9807 ||| INVOKING Fiery Armour.
  9920 | Lair:4   | Identified the +0 pair of boots "Teinoawo" {rN+}
 10121 | Lair:4   | 10121 ||| Stepping ~*~*~tactically~*~*~ (outnumbered).
 10122 | Lair:4   | 10122 ||| Stepping ~*~*~tactically~*~*~ (outnumbered).
 10123 | Lair:4   | 10123 ||| Stepping ~*~*~tactically~*~*~ (outnumbered).
 10124 | Lair:4   | 10124 ||| Stepping ~*~*~tactically~*~*~ (outnumbered).
 10125 | Lair:4   | 10125 ||| Stepping ~*~*~tactically~*~*~ (outnumbered).
 10126 | Lair:4   | 10126 ||| Stepping ~*~*~tactically~*~*~ (outnumbered).
 10132 | Lair:4   | 10132 ||| INVOKING Fiery Armour.
 10251 | Lair:4   | 10251 ||| Stepping ~*~*~tactically~*~*~ (stealth).
 10309 | Lair:4   | 10309 ||| Stepping ~*~*~tactically~*~*~ (outnumbered).
 10395 | Lair:4   | 10395 ||| Stepping ~*~*~tactically~*~*~ (stealth).
 10397 | Lair:4   | 10397 ||| Stepping ~*~*~tactically~*~*~ (stealth).
 10553 | Lair:4   | 10553 ||| PLANNING TEMPLE
 10553 | Lair:4   | 10553 ||| UPGRADING to ring of see invisible.
 10555 | Lair:4   | 10555 ||| READING 3 scrolls of identify.
 10555 | Lair:4   | 10555 ||| IDENTIFYING smoky emerald potion
 10556 | Lair:4   | 10556 ||| DROPPING potion of berserk rage.
 10769 | Temple   | Entered the Ecumenical Temple
 10770 | Temple   | 10770 ||| PLANNING CONVERSION TO OKAWARU
 10776 | Temple   | Fell from the grace of Ignis
 10776 | Temple   | Became a worshipper of Warmaster Okawaru
 10777 | Temple   | 10777 ||| PLANNING LAIR
 10919 | Lair:3   | 10919 ||| Stepping ~*~*~tactically~*~*~ (stealth).
 11156 | Lair:4   | Noticed Nessos
 11163 | Lair:4   | HP: 26/118 [Nessos (6)]
 11164 | Lair:4   | 11164 ||| READING 2 scrolls of teleportation.
 11164 | Lair:4   | HP: 8/118 [Nessos/arrow (13)]
 11165 | Lair:4   | HP: 1/118 [poisoned by Nessos]
 11166 | Lair:4   | Succumbed to Nessos's poison

Levels and vault maps discovered:
D:1:      tarquinn_simple_flora_water_b, layout_rooms, serial_shops,
          nicolae_shop_bloodbath_and_beyond
D:2:      layout_loops_ring, uniq_jessica
D:3:      layout_basic, nicolae_elevator_lobby_asterisk
D:4:      layout_basic, temple_statues
D:5:      cheibrodos_fertilizer, layout_rooms, zin_scriptorium,
          mainiacjoe_overflow_paths, ebering_ghost_rock_garden,
          kennysheep_another_room, saegor_snake_ambush, uniq_edmund
D:6:      layout_loops_ring, mainiacjoe_overflow_cross_hatched,
          mainiacjoe_overflow_concentric_impassable
D:7:      layout_loops_ring, mainiacjoe_overflow_alcove_4
D:8:      gammafunk_sealed_arena, layout_rooms
D:9:      layout_cave_pools, gammafunk_temple_overflow_elements,
          grunt_temple_overflow_open, grunt_lair_entry_orc_guard_hut,
          uniq_harold
Temple:   nicolae_temple_ecumenical_triangle
Lair:1:   layout_regular_city
Lair:2:   layout_chaotic_city, skrybe_swamp_entry_bodies
Lair:3:   layout_loops_ring, spider_nest_entry_rubble,
          gammafunk_ghost_hydra_chop
Lair:4:   layout_hall_layers, serial_bayou_shore_b, uniq_nessos

Skill      XL: |  1  2  3  4  5  6  7  8  9 10 11 12 |
---------------+-------------------------------------+-----
Unarmed Combat | 4 5 6 7 9 11 13 14 16 17 | 17.9
Dodging        | 1 2 3 4 |  4.1
Fighting       | 3 4 5 6 7 |  7.1
Throwing       | 1 2 |  2.6
Armour         | 1 2 |  2.0
Spellcasting   | |  1.0
Fire Magic     | |  2.1

Action                   |  1- 3 |  4- 6 |  7- 9 | 10-12 || total
-------------------------+-------+-------+-------+-------++-------
Melee: Unarmed           |    78 |   106 |   213 |   277 ||   674
       Punch             |     1 |     2 |    12 |    26 ||    41
Throw: Boomerang         |       |       |       |    80 ||    80
Invok: Fiery Armour      |     1 |     2 |     2 |     8 ||    13
  Use: Scroll            |     2 |     8 |     9 |     8 ||    27
       Potion            |       |       |     3 |     3 ||     6
Armor: Robe              |    16 |    30 |    52 |    13 ||   111
       Steam dragon scal |       |       |       |    64 ||    64
Dodge: Dodged            |    22 |    23 |    95 |    92 ||   232

Table legend:
 A = Non-vault XP
 B = Vault XP
 C = Vault XP percentage of total XP
 D = Non-vault monster count
 E = Vault monster count
 F = Vault count percentage of total count
                 A         B        C        D         E       F
            +---------+---------+-------+---------+---------+-------
      Total |   24594 |    4278 |  14.8 |     221 |      28 |  11.2
            +---------+---------+-------+---------+---------+-------
        D:1 |      51 |       0 |   0.0 |      30 |       0 |   0.0
        D:2 |      25 |      37 |  59.7 |       9 |       1 |  10.0
        D:3 |     281 |       0 |   0.0 |      21 |       0 |   0.0
        D:4 |     188 |       0 |   0.0 |      20 |       0 |   0.0
        D:5 |     259 |    1101 |  81.0 |       8 |      18 |  69.2
        D:6 |     310 |       0 |   0.0 |      11 |       0 |   0.0
        D:7 |     930 |       0 |   0.0 |      16 |       0 |   0.0
        D:8 |     757 |       0 |   0.0 |      18 |       0 |   0.0
        D:9 |    3275 |    1486 |  31.2 |      29 |       6 |  17.1
     Lair:1 |    2418 |       0 |   0.0 |       9 |       0 |   0.0
     Lair:2 |    3010 |    1406 |  31.8 |      11 |       2 |  15.4
     Lair:3 |    7340 |     248 |   3.3 |      22 |       1 |   4.3
     Lair:4 |    5750 |       0 |   0.0 |      17 |       0 |   0.0
            +---------+---------+-------+---------+---------+-------
